 Dungeon Sprint DCSS version 0.21.2 (webtiles) character file.

11800000 Fang the Intangible (level 27, -22/249 HPs)
             Began as a Demonspawn Gladiator on Jan 17, 2019.
             Was the Champion of Makhleb.
             Killed from afar by a scourge (35 damage)
             ... with a bolt of poison
             ... in the Dungeon (Sprint VIII: "Arena of Blood").
             The game lasted 00:04:16 (118 turns).

Fang the Intangible (Demonspawn Gladiator)           Turns: 118, Time: 00:04:16

Health: -22/249    AC:  8    Str: 25    XL:     27
Magic:  0/54       EV: 32    Int: 12    God:    Makhleb [******]
Gold:   0          SH:  0    Dex: 15    Spells: 80/80 levels left

rFire    . . .     SeeInvis .   l - +∞ Axe of Woe
rCold    . . .     Gourm    .   (shield currently unavailable)
rNeg     . . .     Faith    .   b - +0 leather armour
rPois    .         Spirit   +   c - +0 helmet
rElec    .         Reflect  .   (no cloak)
rCorr    .         Harm     .   (no gloves)
MR       ++...     NoTele   +   (boots unavailable)
Stlth    +++++++++.             (no amulet)
HPRegen  0.51/turn              (no ring)
MPRegen  0.68/turn              (no ring)

@: lethally poisoned (-22 -> -46)
A: talons 3, spiny 3, augmentation 3, magic shield, magic regeneration, magic
link, sturdy frame 3
a: Minor Destruction, Lesser Servant of Makhleb, Major Destruction, Greater
Servant of Makhleb, Renounce Religion


You were in the Dungeon.
You worshipped Makhleb.
Makhleb was exalted by your worship.
You were not hungry.

You visited 1 branch

Inventory:

Hand Weapons
 l - the +∞ Axe of Woe (weapon)
   (You found it in the Dungeon)
Missiles
 d - 3 throwing nets (quivered)
Armour
 b - a +0 leather armour (worn)
 c - a +0 helmet (worn)
Scrolls
 k - a scroll of blinking
Potions
 e - a potion of curing
 g - a potion of heal wounds
 h - a potion of haste
 i - 2 potions of magic
 j - a potion of berserk rage
Comestibles
 f - a ration


   Skills:
 O Level 27 Fighting
 O Level 27 Axes
 O Level 27 Throwing
 O Level 27 Armour
 O Level 27 Dodging
 O Level 27 Stealth
 O Level 27 Unarmed Combat
 O Level 27 Spellcasting
 O Level 27 Invocations


You had 80 spell levels left.
You didn't know any spells.

Dungeon Overview and Level Annotations

Branches:
Dungeon (1/1)

Altars:
Makhleb


Innate Abilities, Weirdness & Mutations

You have claws for feet.
You are completely covered in sharp spines.
Your magical and physical power is greatly enhanced at high health.
When hurt, damage is shared between your health and your magic reserves.
You regenerate magic rapidly.
When low on magic, you restore magic in place of health.
Your movements are significantly less encumbered by armour. (ER -6)


Message History

Makhleb accepts your kill.
You feel better.
The dread calls on the powers of darkness!
The scourge convulses!
Your body is wracked with pain!
* * * LOW HITPOINT WARNING * * *
The bag of meat convulses! x3; The eight-headed meat hydra convulses!
The bag of meat convulses!
You hear a shout!
A tyrant comes into view.
Things that are here:
a +9 giant spiked club; a +100 ring of slaying An orc and an ogre come into view.
You are engulfed in blazing flames.
* * * LOW HITPOINT WARNING * * *
You hear a shout!
The scourge throws poison at you.
The bolt of poison hits the destroyer.
The destroyer completely resists.
The bolt of poison hits you!
You are lethally poisoned!
You die...

......#).)..#.....
......#_.<._#.........
......#))...#......#.#.#
#....)))._..............
.....)))###.........#.#L
...###)))))).###........
.. . #)))))).#..........
...#.%.).).#.ooDo.....
.........)†)))@MoWoOo.
........)))W)V§#...#oo
..........).†)§#§...#
...2........§##oo...#
...#...%...S#......#...
.........W.#...###....
.##.#.......V.... ..#.
........W....... ...
....#.....####.. ..


You could see an accursed, a tyrant, an eight-headed meat hydra, a destroyer, a
scourge, 3 dreads, a meat berserker (berserk) and 9 bags of meat.

Vanquished Creatures
  3 hell beasts (D)
  4 greater mummies (D)
  5 great orbs of eyes (D)
  4 wraiths (D)
  20 vampire knights (D)
  41 ogres (D)
  3 two-headed ogres (D)
  5 liches (D)
  3 hydras (D)
  60 orcs (D)
  3 phantoms (D)
  5 skeletal warriors (D)
  6 large abominations (D)
  10 small abominations (D)
  6 crawling corpses (D)
178 creatures vanquished.

Vanquished Creatures (others)
  2 orcs (D)
2 creatures vanquished.

Grand Total: 180 creatures vanquished

Notes
Turn   | Place    | Note
-------+----------+-------------------------------------------
     0 | D        | Found the +∞ Axe of Woe
     0 | D        | Fang the Demonspawn Gladiator began the quest for the Orb.
     0 | D        | Reached XP level 1. HP: 16/16 MP: 1/1
     3 | D        | Noticed a bag of meat
     3 | D        | Noticed a meat berserker
     5 | D        | Became a worshipper of Makhleb the Destroyer
     6 | D        | Noticed a meat berserker
     6 | D        | Killed a meat berserker
     6 | D        | Gained mutation: Your movements are slightly less encumbered by armour. (ER -2) [demonic ancestry]
     6 | D        | Reached XP level 2. HP: 38/38 MP: 2/2
     6 | D        | Gained mutation: When hurt, damage is shared between your health and your magic reserves. [demonic ancestry]
     6 | D        | Reached XP level 3. HP: 44/44 MP: 3/3
     6 | D        | Reached XP level 4. HP: 51/51 MP: 4/4
     6 | D        | Reached XP level 5. HP: 57/57 MP: 5/5
     6 | D        | Reached XP level 6. HP: 64/64 MP: 6/6
     6 | D        | Gained mutation: You regenerate magic rapidly. [demonic ancestry]
     6 | D        | Reached XP level 7. HP: 69/69 MP: 7/7
     6 | D        | Gained mutation: When low on magic, you restore magic in place of health. [demonic ancestry]
     6 | D        | Reached XP level 8. HP: 76/76 MP: 8/8
     6 | D        | Gained mutation: You are partially covered in sharp spines. [demonic ancestry]
     6 | D        | Reached XP level 9. HP: 82/82 MP: 9/9
     6 | D        | Gained mutation: You have sharp toenails. [demonic ancestry]
     6 | D        | Reached XP level 10. HP: 89/89 MP: 10/10
     6 | D        | Reached XP level 11. HP: 95/95 MP: 11/11
     6 | D        | Gained mutation: Your movements are less encumbered by armour. (ER -4) [demonic ancestry]
     6 | D        | Reached XP level 12. HP: 102/102 MP: 12/12
     6 | D        | Gained mutation: You are mostly covered in sharp spines. [demonic ancestry]
     6 | D        | Reached XP level 13. HP: 107/107 MP: 13/13
     7 | D        | Noticed a bag of meat
     7 | D        | Killed a meat berserker
     7 | D        | Reached * piety under Makhleb
     7 | D        | Reached XP level 14. HP: 119/119 MP: 14/14
     7 | D        | Noticed a bag of meat
     8 | D        | Noticed a meat berserker
     8 | D        | Noticed a meat berserker
     9 | D        | Killed a meat berserker
     9 | D        | Reached skill level 15 in Fighting
     9 | D        | Gained mutation: You have razor-sharp toenails. [demonic ancestry]
     9 | D        | Reached XP level 15. HP: 129/129 MP: 15/15
    10 | D        | Noticed a meat berserker
    10 | D        | Noticed a meat berserker
    11 | D        | Noticed a meat berserker
    11 | D        | Killed a meat berserker
    11 | D        | Reached ** piety under Makhleb
    11 | D        | Reached skill level 15 in Throwing
    11 | D        | Reached XP level 16. HP: 141/141 MP: 16/16
    13 | D        | Noticed a meat berserker
    13 | D        | Killed a meat berserker
    13 | D        | Reached skill level 27 in Axes
    13 | D        | Reached skill level 27 in Dodging
    13 | D        | Killed a meat berserker
    13 | D        | Reached skill level 5 in Armour
    13 | D        | Gained mutation: Your magical and physical power is slightly enhanced at high health. [demonic ancestry]
    13 | D        | Reached XP level 17. HP: 166/166 MP: 5/17
    14 | D        | Killed a meat berserker
    14 | D        | Reached *** piety under Makhleb
    14 | D        | Reached skill level 27 in Fighting
    16 | D        | Gained mutation: Your magical and physical power is enhanced at high health. [demonic ancestry]
    16 | D        | Reached XP level 18. HP: 182/182 MP: 6/18
    19 | D        | Reached **** piety under Makhleb
    19 | D        | Reached skill level 27 in Throwing
    20 | D        | Killed a meat berserker
    20 | D        | Gained mutation: You have claws for feet. [demonic ancestry]
    20 | D        | Reached XP level 19. HP: 189/189 MP: 4/19
    23 | D        | Reached ***** piety under Makhleb
    23 | D        | Reached skill level 27 in Armour
    25 | D        | Reached XP level 20. HP: 197/197 MP: 7/35
    26 | D        | Noticed a destroyer
    28 | D        | Noticed a large bag of meat
    28 | D        | Noticed a large bag of meat
    28 | D        | Reached skill level 15 in Stealth
    28 | D        | Reached skill level 15 in Unarmed Combat
    28 | D        | Reached skill level 15 in Spellcasting
    29 | D        | Noticed a meat berserker
    29 | D        | Noticed a destroyer
    30 | D        | Noticed a meat berserker
    30 | D        | Killed a destroyer
    31 | D        | Noticed a destroyer
    31 | D        | Noticed a meat berserker
    31 | D        | Noticed a destroyer
    32 | D        | Noticed a meat berserker
    32 | D        | Noticed an eight-headed meat hydra
    32 | D        | Noticed a destroyer
    32 | D        | Killed a large bag of meat
    32 | D        | Reached XP level 21. HP: 41/204 MP: 2/44
    32 | D        | Killed a destroyer
    32 | D        | Reached skill level 27 in Invocations
    34 | D        | Reached ****** piety under Makhleb
    34 | D        | Reached XP level 22. HP: 212/212 MP: 2/50
    34 | D        | Killed a destroyer
    34 | D        | Reached skill level 27 in Stealth
    34 | D        | Reached skill level 27 in Unarmed Combat
    34 | D        | Reached skill level 27 in Spellcasting
    36 | D        | Noticed a destroyer
    36 | D        | Killed a large bag of meat
    37 | D        | Noticed a destroyer
    37 | D        | Reached XP level 23. HP: 219/219 MP: 3/54
    41 | D        | Killed a destroyer
    42 | D        | Noticed a destroyer
    42 | D        | Noticed a destroyer
    42 | D        | Killed a destroyer
    42 | D        | Gained mutation: You are completely covered in sharp spines. [demonic ancestry]
    42 | D        | Reached XP level 24. HP: 227/227 MP: 8/54
    45 | D        | Noticed a destroyer
    45 | D        | Noticed a destroyer
    45 | D        | Killed a destroyer
    45 | D        | Reached XP level 25. HP: 234/234 MP: 9/54
    48 | D        | Noticed a tyrant
    49 | D        | Killed a destroyer
    50 | D        | Killed a destroyer
    50 | D        | Gained mutation: Your magical and physical power is greatly enhanced at high health. [demonic ancestry]
    50 | D        | Reached XP level 26. HP: 242/242 MP: 13/54
    53 | D        | Noticed a destroyer
    55 | D        | Killed a tyrant
    55 | D        | Gained mutation: Your movements are significantly less encumbered by armour. (ER -6) [demonic ancestry]
    55 | D        | Reached XP level 27. HP: 249/249 MP: 14/54
    56 | D        | Noticed a destroyer
    57 | D        | Killed a destroyer
    59 | D        | Killed a destroyer
    59 | D        | Killed a destroyer
    60 | D        | Noticed a tyrant
    60 | D        | Noticed a destroyer
    61 | D        | Noticed a meat beast
    64 | D        | Noticed a tyrant
    64 | D        | Killed a destroyer
    64 | D        | Killed a destroyer
    64 | D        | Killed a meat beast
    65 | D        | Noticed a destroyer
    65 | D        | Killed a tyrant
    68 | D        | Killed a destroyer
    69 | D        | Noticed a destroyer
    69 | D        | Noticed a destroyer
    70 | D        | Killed a destroyer
    71 | D        | Noticed a meat beast
    72 | D        | Killed a meat beast
    73 | D        | Noticed a tyrant
    74 | D        | Noticed a destroyer
    74 | D        | Killed a destroyer
    76 | D        | Killed a destroyer
    77 | D        | Noticed a dread
    78 | D        | Killed a tyrant
    78 | D        | Killed a destroyer
    79 | D        | Noticed a dread
    80 | D        | Noticed an accursed
    81 | D        | Noticed an accursed
    82 | D        | Noticed a destroyer
    83 | D        | Noticed a destroyer
    85 | D        | Noticed an accursed
    86 | D        | Noticed a dread
    86 | D        | Noticed a large bag of meat
    87 | D        | Killed a dread
    88 | D        | Killed an accursed
    89 | D        | Noticed a meat beast
    90 | D        | Killed a tyrant
    92 | D        | Killed a destroyer
    92 | D        | Killed a dread
    92 | D        | Killed an accursed
    96 | D        | Killed a meat beast
    97 | D        | Noticed a dread
    98 | D        | Noticed an accursed
    98 | D        | HP: 8/249 [dread (13)]
    98 | D        | HP: 3/249 [something (5)]
    99 | D        | Killed a dread
   100 | D        | Noticed a tyrant
   100 | D        | Killed a destroyer
   105 | D        | Killed a tyrant
   106 | D        | Killed an accursed
   107 | D        | Noticed a meat beast
   107 | D        | Noticed a dread
   108 | D        | Killed an accursed
   109 | D        | Noticed a destroyer
   111 | D        | Noticed a dread
   111 | D        | HP: 9/249 [??? (7)]
   112 | D        | Noticed an accursed
   114 | D        | Noticed a dread
   114 | D        | Killed a dread
   116 | D        | Killed a large bag of meat
   117 | D        | HP: 1/249 [accursed (30)]
   118 | D        | Noticed a tyrant
   118 | D        | Killed from afar by a scourge

Skill      XL: |  1  2  3  4  5  6  7  8  9 10 11 12 13 14 15 16 17 18 19 20 21 22 |
---------------+-------------------------------------------------------------------+-----
Fighting       | 11 13 15 17 24 27 | 27.0
Axes           | 18 21 23 26 27 | 27.0
Throwing       | 11 12 13 15 19 24 27 | 27.0
Dodging        | 18 21 23 26 27 | 27.0
Armour         | 5 9 21 27 | 27.0
Stealth        | 11 21 26 27 | 27.0
Unarmed Combat | 11 19 24 27 | 27.0
Spellcasting   | 11 19 24 27 | 27.0
Invocations    | 14 26 27 | 27.0

Action                   |  1- 3 |  4- 6 |  7- 9 | 10-12 | 13-15 | 16-18 | 19-21 | 22-24 | 25-27 || total
-------------------------+-------+-------+-------+-------+-------+-------+-------+-------+-------++-------
Melee: Executioner's axe |     1 |       |       |       |     3 |     6 |     9 |    10 |    58 ||    87
Armor: Leather armour    |       |       |       |       |       |       |     1 |       |     3 ||     4
Dodge: Dodged            |       |       |       |       |       |       |     3 |       |    12 ||    15
